 Dungeon Crawl Stone Soup version 0.28-a0-1167-g616b1c6417 (webtiles) character file.

Game seed: 8364768805773057096

33755 BinkBink the Impaler (level 13, -2/95 HPs)
             Began as a Minotaur Monk on Dec 16, 2021.
             Was the Champion of Elyvilon.
             Killed from afar by an orc sorcerer (37 damage)
             ... with a bolt of fire
             ... on level 2 of the Orcish Mines.
             The game lasted 00:40:08 (22492 turns).

BinkBink the Impaler (Minotaur Monk)               Turns: 22492, Time: 00:40:10

Health: -2/95      AC: 28    Str: 19    XL:     13   Next: 38%
Magic:  12/12      EV: 14    Int:  7    God:    Elyvilon [******]
Gold:   1142       SH:  0    Dex: 21    Spells: 12/12 levels left

rFire   . . .      SeeInvis .   a - +5 glaive (freeze)
rCold   + . .      Faith    .   (shield currently unavailable)
rNeg    . . .      Spirit   .   F - +6 plate armour {rC+}
rPois   .          Reflect  .   (helmet restricted)
rElec   .          Harm     .   I - +0 cloak
rCorr   .          Rampage  .   c - +0 pair of gloves
Will    .....                   d - +0 pair of boots
Stlth   ..........              (no amulet)
HPRegen 0.25/turn               j - +6 ring of dexterity
MPRegen 0.13/turn               H - ring of flight

@: flying
A: horns 2, retaliatory headbutt, fangs 1
a: Renounce Religion, Purification, Heal Other, Heal Self, Divine Vigour


You were on level 2 of the Orcish Mines.
You worshipped Elyvilon.
Elyvilon was exalted by your worship.
You visited 3 branches of the dungeon, and saw 17 of its levels.

You collected 1142 gold pieces.

Inventory:

Hand Weapons
 a - a +5 glaive of freezing (weapon)
 T - a +2 halberd of distortion
Missiles
 e - 4 throwing nets (quivered)
Armour
 c - a +0 pair of gloves (worn)
 d - a +0 pair of boots (worn)
 F - a +6 plate armour of cold resistance (worn)
 I - a +0 cloak (worn)
Jewellery
 j - a +6 ring of dexterity (left hand)
 t - a ring of fire
 w - a ring of wizardry
 x - a ring of protection from fire
 y - a +6 ring of intelligence
 G - a ring of magical power
 H - a ring of flight (right hand)
 P - a ring of protection from fire
 Z - a ring of ice
Wands
 A - a wand of polymorph (23)
 B - a wand of charming (11)
 E - a wand of iceblast (17)
 J - a wand of digging (4)
 N - a wand of paralysis (17)
 O - a wand of mindburst (19)
 U - a wand of acid (2)
Scrolls
 f - a scroll of identify
 i - a scroll of brand weapon {unknown}
 l - 2 scrolls of fear
 p - 4 scrolls of vulnerability
 q - a scroll of summoning {unknown}
 r - a scroll of amnesia {unknown}
 u - a scroll of acquirement {unknown}
 D - a scroll of silence
 K - a scroll of noise
 S - a scroll of holy word
 W - 2 scrolls of magic mapping
Potions
 b - a potion of magic {unknown}
 g - 3 potions of curing
 k - 2 potions of might {unknown}
 m - 2 potions of ambrosia {unknown}
 n - a potion of mutation
 o - 4 potions of lignification
 s - 2 potions of invisibility {unknown}
 v - 7 potions of attraction {unknown}
 z - 3 potions of brilliance
 C - a potion of flight {unknown}
 L - a potion of haste {unknown}
 M - 3 potions of cancellation {unknown}
 Q - 3 potions of degeneration {unknown}
 R - a potion of resistance {unknown}


   Skills:
 - Level 3.6 Fighting
 + Level 16.3 Polearms
 + Level 15.4 Armour
 + Level 15.0 Dodging
 - Level 1.5 Stealth


You had 12 spell levels left.
You didn't know any spells.
Your spell library contained the following spells:

 Spells                   Type           Power      Damage    Failure   Level
 Ensorcelled Hibernation  Hex/Ice        0%         N/A       100%        2
 Tukima's Dance           Hex            0%         N/A       100%        3
 Passage of Golubria      Tloc           0%         N/A       100%        4
 Fireball                 Conj/Fire      0%         3d3       100%        5
 Silence                  Hex/Air        0%         N/A       100%        5
 Starburst                Conj/Fire      0%         6d3       100%        6
 Ignition                 Fire           0%         3d3       100%        8
 Lehudib's Crystal Spear  Conj/Erth      0%         10d2      100%        8


Dungeon Overview and Level Annotations

Branches:
Dungeon (14/15) Temple (0/1) D:6 Lair (1/6) D:10 Orc (1/2) D:12 Elf (0/3) Orc:2 Vaults (0/5) D:13 D:14

Altars:
Ashenzari
Dithmenos
Elyvilon
Hepliaklqana
Okawaru
Qazlal
Ru
Sif Muna
Vehumet
Wu Jian
Xom
Yredelemnul
Zin

Shops:
D:11 ([(:   D:12 !?

Portals:
Abyss: D:5

Annotations:
D:5 2 transporters, fly's ghost, weakling FoDe
D:13 3 runed translucent doors, Upsec's ghost, journeyman SpBr
D:14 Josephine; Roxanne


Innate Abilities, Weirdness & Mutations

You have a pair of horns on your head.
You reflexively headbutt those who attack you in melee.
You have very sharp teeth.


Message History

You reach to attack!
You slash the ice devil!
The ice devil is moderately wounded.
You slice the orc high priest!! You freeze the orc high priest!
Your bite misses the orc high priest.
The orc high priest is heavily wounded.
The orc high priest shouts, "You must be punished!"
The orc high priest barely misses you.
You slash the orc high priest! You freeze the orc high priest.
The orc high priest is severely wounded.
The orc high priest closely misses you.
You barely miss the orc high priest.
Your headbutt misses the orc high priest.
You bite the orc high priest.
The orc high priest is almost dead.
The orc high priest calls down the wrath of Beogh upon you.
Beogh smites you!
The orc sorcerer mumbles some strange words.
You slash the orc high priest! You freeze the orc high priest.
You kill the orc high priest!
The sixfirhy disappears in a puff of smoke!
The ice devil disappears in a puff of smoke!
Unknown command.
Okay, then.
You are too injured to fight recklessly!
You are too injured to fight recklessly!
Reach: a) +5 glaive (freeze)
Press: ? - help, Dir - move target, f - orc sorcerer
Aim: an orc sorcerer, wielding a +0 dagger and wearing a +1 robe of cold resistance (about 35% to evade your +5 glaive of freezing)
You reach to attack!
You closely miss the orc sorcerer.
The orc sorcerer howls an incantation.
The orc sorcerer's hands start to glow.
You completely miss the orc sorcerer. The orange demon misses you.
The orc sorcerer hits you but does no damage.
You slice the orc sorcerer!! You freeze the orc sorcerer.
You headbutt the orc sorcerer! You bite the orc sorcerer.
The orc sorcerer is almost dead.
The orange demon stings you but does no damage.
The orc sorcerer gestures at you while chanting.
The bolt of fire hits you!!!
You die...

#.#.#.#....##.....#
............#....##
#........)).#..###
#...#.#........#
#..#####....#.##
###..o##.##
###.##..>.4.#
##.......##o####
#....##.###@##.##
##.......#......#
###.##.##..##.##
###..#...####
#....#.## ##..####
####


You could see an orange demon (summoned) and an orc sorcerer.

Vanquished Creatures
  Rupert (D:14)
  Nessos (D:14)
  Harold (D:7)
  A hydra (D:11)
  Erica (D:8)
  2 catoblepae
  3 two-headed ogres
  3 centaur warriors
  Urug (D:13)
  An orc high priest (Orc:2)
  Pikel (D:6)
  6 ugly things
  A harpy (shapeshifter) (D:13)
  3 orc knights
  3 deep elf pyromancers
  4 cyclopes
  Joseph (D:8)
  A black mamba (shapeshifter) (D:13)
  2 kobold demonologists (D:12)
  2 trolls
  A jumping spider (shapeshifter) (D:14)
  3 meliai
  Prince Ribbit (D:6)
  A hornet (D:11)
  A blink frog (Lair:1)
  5 slime creatures (D:13)
  A centaur simulacrum (D:14)
  A vampire (D:8)
  Sigmund (D:4)
  3 wraiths
  Grum (D:8)
  20 humans
  10 yaks
  2 vampire mosquitoes (D:12)
  A warg (D:12)
  3 water moccasins
  4 acid dragons
  Duvessa (D:7)
  11 orc warriors
  A black bear (D:10)
  2 sky beasts (D:5)
  An ice beast (D:6)
  A necrophage (D:4)
  3 ogres
  4 wolves (D:8)
  10 centaurs
  A lemure (D:6)
  3 bullfrogs
  5 kobold brigands
  4 scorpions
  A water moccasin skeleton (D:5)
  A hornet simulacrum (D:14)
  Dowan (D:7)
  11 killer bees
  5 electric eels (D:10)
  6 howler monkeys
  4 wights (D:9)
  A bullfrog zombie (D:7)
  2 centaur zombies
  3 jellies
  2 bullfrog skeletons
  5 hounds
  11 orc priests
  4 iguanas
  8 orc wizards
  A killer bee zombie (D:6)
  3 hound zombies (D:5)
  3 howler monkey zombies
  3 gnolls (D:3)
  2 river rats (D:10)
  6 adders
  A howler monkey skeleton (D:5)
  A shadow imp (D:7)
  4 white imps
  2 ufetubi (D:4)
  2 adder skeletons (D:4)
  2 worms
  2 dart slugs (D:1)
  43 orcs
  6 endoplasms
  8 giant cockroaches
  10 goblins
  12 hobgoblins
  6 jackals
  6 quokkas
  4 ball pythons
  5 frilled lizards
  24 kobolds
  3 rats
369 creatures vanquished.

Vanquished Creatures (others)
  An orc (D:10)
  43 plants
44 creatures vanquished.

Grand Total: 413 creatures vanquished

Notes
Turn   | Place    | Note
-------+----------+-------------------------------------------
     0 | D:1      | BinkBink the Minotaur Monk began the quest for the Orb.
     0 | D:1      | Reached XP level 1. HP: 19/19 MP: 0/0
   243 | D:1      | Reached skill level 4 in Polearms
   264 | D:1      | Reached XP level 2. HP: 26/26 MP: 1/1
   293 | D:1      | Found a faded altar of an unknown god.
   297 | D:1      | Prayed at the altar of an unknown god.
   297 | D:1      | Became a worshipper of Elyvilon the Healer
   297 | D:1      | Reached * piety under Elyvilon
   297 | D:1      | Reached ** piety under Elyvilon
   391 | D:1      | Reached *** piety under Elyvilon
   967 | D:2      | Reached XP level 3. HP: 31/31 MP: 2/2
  1717 | D:3      | Reached XP level 4. HP: 39/39 MP: 3/3
  1961 | D:3      | Reached skill level 5 in Polearms
  2700 | D:3      | Reached skill level 5 in Dodging
  2856 | D:3      | Reached **** piety under Elyvilon
  2864 | D:3      | Reached XP level 5. HP: 43/45 MP: 4/4
  3361 | D:4      | Reached skill level 1 in Armour
  3387 | D:4      | Noticed Sigmund
  3403 | D:4      | Killed Sigmund
  3404 | D:4      | Reached skill level 6 in Polearms
  3404 | D:4      | Reached XP level 6. HP: 33/51 MP: 5/5
  3829 | D:4      | Identified the +5 dagger "Atyng" {vorpal, rC- Int+4 Dex+4}
  4018 | D:4      | Reached XP level 7. HP: 41/57 MP: 6/6
  4326 | D:4      | Reached skill level 7 in Polearms
  4707 | D:5      | Entered Level 5 of the Dungeon
  4915 | D:5      | Noticed a two-headed ogre
  4985 | D:5      | Found a transporter.
  4988 | D:5      | Found a transporter.
  5063 | D:5      | Found a one-way gate to the infinite horrors of the Abyss.
  5063 | D:5      | Noticed fly's ghost (weakling FoDe)
  5071 | D:5      | Reached ***** piety under Elyvilon
  5380 | D:5      | Reached skill level 5 in Armour
  5585 | D:5      | Reached XP level 8. HP: 54/64 MP: 7/7
  5729 | D:5      | Reached skill level 8 in Polearms
  5981 | D:5      | Reached skill level 9 in Polearms
  6486 | D:6      | Reached XP level 9. HP: 70/70 MP: 8/8
  6508 | D:6      | Found a staircase to the Ecumenical Temple.
  6561 | D:6      | Noticed Pikel
  6606 | D:6      | Killed Pikel
  6990 | D:6      | Reached skill level 10 in Polearms
  7335 | D:6      | Found a shimmering altar of Xom.
  7335 | D:6      | Found a shimmering blue altar of Sif Muna.
  7335 | D:6      | Found a stormy altar of Qazlal.
  7339 | D:6      | Found an ornate altar of the Wu Jian Council.
  7340 | D:6      | Found a sacrificial altar of Ru.
  7341 | D:6      | Found a white marble altar of Elyvilon.
  7342 | D:6      | Found a glowing silver altar of Zin.
  7345 | D:6      | Found a hazy altar of Hepliaklqana.
  7378 | D:6      | Found an iron altar of Okawaru.
  7380 | D:6      | Found a shadowy altar of Dithmenos.
  7453 | D:6      | Noticed Prince Ribbit
  7462 | D:6      | Killed Prince Ribbit
  7648 | D:7      | Noticed Duvessa
  7667 | D:7      | Noticed Dowan
  7672 | D:7      | Killed Duvessa
  7687 | D:7      | Killed Dowan
  8184 | D:7      | Reached skill level 10 in Dodging
  8184 | D:7      | Reached XP level 10. HP: 62/77 MP: 9/9
  8366 | D:7      | Noticed Harold
  8396 | D:7      | Killed Harold
  8397 | D:7      | Reached skill level 11 in Polearms
  8768 | D:7      | Found a faded altar of an unknown god.
  8768 | D:7      | Found a faded altar of an unknown god.
  8776 | D:7      | Found a radiant altar of Vehumet.
  8778 | D:7      | Found a basalt altar of Yredelemnul.
  8779 | D:7      | Found a broken altar of Ashenzari.
  9072 | D:8      | Noticed Grum
  9082 | D:8      | Reached skill level 10 in Armour
  9101 | D:8      | Killed Grum
  9347 | D:8      | Noticed Erica
  9374 | D:8      | Killed Erica
  9375 | D:8      | Reached skill level 12 in Polearms
 10097 | D:8      | Noticed Joseph
 10217 | D:8      | Killed Joseph
 10960 | D:9      | Reached XP level 11. HP: 81/82 MP: 10/10
 12011 | D:9      | Reached ****** piety under Elyvilon
 12169 | D:10     | Entered Level 10 of the Dungeon
 12391 | D:10     | Noticed a death yak
 12398 | D:10     | Noticed a death yak
 12407 | D:10     | Noticed a death yak
 12621 | D:10     | Found a staircase to the Lair.
 13524 | D:10     | Reached skill level 13 in Polearms
 13723 | D:11     | Found Lohyhal's Book Boutique.
 13729 | D:11     | Paralysed by a hornet for 2 turns
 14007 | D:11     | Found Jixtyad's Weapon Shoppe.
 14019 | D:11     | Identified the +2 hand axe of the Evening {drain, Contam
                  | Fly Str+6}
 14127 | D:11     | Found Rinud's Armour Shoppe.
 14197 | D:11     | Found Zegha's Weapon Shop.
 14205 | D:11     | Identified the +1 robe of Experimentation {*Slow Dex+3}
 14714 | D:11     | Noticed an eight-headed hydra
 14739 | D:12     | Noticed a two-headed ogre
 14739 | D:12     | Noticed an eight-headed hydra
 14741 | D:12     | Found a staircase to the Orcish Mines.
 14745 | D:12     | Noticed a two-headed ogre
 14746 | D:12     | Found Gaemompiol's Magic Scroll Shoppe.
 14793 | D:12     | Killed a two-headed ogre
 14987 | D:12     | Killed a two-headed ogre
 15017 | D:12     | Noticed a cyan ugly thing
 15070 | D:11     | Killed an eight-headed hydra
 15439 | D:11     | Elyvilon protects you from harm!
 15461 | D:10     | Killed a cyan ugly thing
 15831 | D:12     | Reached skill level 14 in Polearms
 15888 | D:12     | Found Jierar's Distillery.
 16075 | D:12     | Found a hazy altar of Hepliaklqana.
 16255 | D:13     | Noticed a harpy
 16260 | D:13     | Killed a harpy
 16261 | D:13     | Reached XP level 12. HP: 83/90 MP: 11/11
 16363 | D:13     | Found a runed translucent gate.
 16363 | D:13     | Found a runed translucent gate.
 16363 | D:13     | Found a runed translucent gate.
 16363 | D:13     | Noticed Upsec's ghost (journeyman SpBr)
 16363 | D:13     | Noticed an 11-headed hydra
 16363 | D:13     | Noticed an 11-headed hydra
 16450 | D:13     | Noticed a two-headed ogre
 16457 | D:13     | Killed a two-headed ogre
 16786 | D:13     | Noticed a centaur warrior
 16801 | D:13     | Killed a centaur warrior
 17190 | D:14     | Found a gate to the Vaults.
 17190 | D:14     | Noticed Urug
 17193 | D:14     | Noticed Nessos
 17194 | D:14     | Noticed Rupert
 17588 | Orc:1    | Entered Level 1 of the Orcish Mines
 17624 | Lair:1   | Entered Level 1 of the Lair of Beasts
 17635 | Lair:1   | Noticed a six-headed hydra
 18195 | D:13     | Reached skill level 15 in Polearms
 18536 | D:13     | Gained mutation: You are somewhat resistant to further
                  | mutation. [potion of mutation]
 18537 | D:13     | Lost mutation: You are somewhat resistant to further
                  | mutation. [potion of mutation]
 18537 | D:13     | Gained mutation: You are agile. (Dex +2) [potion of
                  | mutation]
 18537 | D:13     | Gained mutation: You are covered in fur. (AC +1) [potion of
                  | mutation]
 18538 | D:13     | Lost mutation: You are covered in fur. (AC +1) [potion of
                  | mutation]
 18538 | D:13     | Lost mutation: You are agile. (Dex +2) [potion of mutation]
 18538 | D:13     | Gained mutation: You have sharp toenails. [potion of
                  | mutation]
 18538 | D:13     | Gained mutation: You have sharp fingernails. [potion of
                  | mutation]
 18539 | D:13     | Lost mutation: You have sharp toenails. [potion of
                  | mutation]
 18539 | D:13     | Lost mutation: You have sharp fingernails. [potion of
                  | mutation]
 18539 | D:13     | Gained mutation: Armour fits poorly on your strangely
                  | shaped body. [potion of mutation]
 18539 | D:13     | Gained mutation: You do not regenerate when monsters are
                  | visible. [potion of mutation]
 18539 | D:13     | Gained mutation: Your magical capacity is low. (-10% MP)
                  | [potion of mutation]
 18540 | D:13     | Lost mutation: You do not regenerate when monsters are
                  | visible. [potion of mutation]
 18540 | D:13     | Lost mutation: Your magical capacity is low. (-10% MP)
                  | [potion of mutation]
 18540 | D:13     | Gained mutation: Your body sometimes deteriorates upon
                  | taking damage. [potion of mutation]
 18540 | D:13     | Gained mutation: You have a pair of large horns on your
                  | head. [potion of mutation]
 18541 | D:13     | Lost mutation: Your body sometimes deteriorates upon taking
                  | damage. [potion of mutation]
 18541 | D:13     | Lost mutation: Armour fits poorly on your strangely shaped
                  | body. [potion of mutation]
 18541 | D:13     | Lost mutation: You have a pair of large horns on your head.
                  | [potion of mutation]
 18541 | D:13     | Gained mutation: You have very sharp teeth. [potion of
                  | mutation]
 18694 | D:14     | Noticed a catoblepas
 18699 | D:14     | Noticed a centaur warrior
 18707 | D:14     | Noticed Josephine
 18725 | D:14     | Noticed a catoblepas
 19095 | D:13     | Killed a catoblepas
 19499 | D:13     | Killed Urug
 20193 | D:14     | Killed Rupert
 20566 | D:14     | Reached XP level 13. HP: 41/95 MP: 12/12
 20935 | D:14     | Reached skill level 15 in Armour
 21195 | D:14     | Noticed Roxanne
 21330 | D:14     | Elyvilon protects you from harm!
 21331 | D:14     | HP: 1/95 [Nessos/arrow (10)]
 21331 | D:14     | Elyvilon protects you from harm!
 21334 | D:14     | Elyvilon protects you from harm!
 21340 | D:14     | Killed Nessos
 21341 | D:14     | Reached skill level 16 in Polearms
 22094 | Orc:1    | Reached skill level 15 in Dodging
 22333 | Orc:1    | You are sucked into a shaft and drop 1 floor!
 22333 | Orc:2    | Entered Level 2 of the Orcish Mines
 22333 | Orc:2    | Found a staircase to the Elven Halls.
 22492 | Orc:2    | Killed from afar by an orc sorcerer

Illustrated notes

Levels and vault maps discovered:
D:1:      psy_arrival_spokes, layout_loops_corners,
          shapermc_ecumenical_altar_acropolis, chequers_serial_rivers_micro_d
D:2:      layout_loops_ring
D:3:      layout_loops_cross, kennysheep_generic_room_16
D:4:      corexii_shack_village, layout_gridville, serial_bayou_lagoon_a,
          kennysheep_generic_room_2, uniq_sigmund
D:5:      kennysheep_windowed_halls, layout_basic,
          gammafunk_ghost_abyssal_escape
D:6:      layout_basic, nicolae_overflow_hallway_of_the_gods,
          minmay_temple_entry_statues_fountains, minmay_misc_feat_cross,
          kennysheep_generic_room_11, uniq_prince_ribbit1, uniq_pikel
D:7:      layout_basic, chequers_temple_overflow_minitemple, uniq_harold,
          uniq_duvessa
D:8:      layout_loops_cross, minmay_ruffians, uniq_erica, uniq_joseph,
          uniq_grum
D:9:      layout_layer_cave
D:10:     layout_loops_corners, dpeg_lair_monsters, serial_bayou,
          serial_bayou_shore_a, serial_bayou_pond_c, serial_bayou_pond_d,
          serial_bayou_crossing, serial_bayou_pond_d, serial_bayou_pond_a
D:11:     layout_roguey, serial_shops, shop, nicolae_shop_bloodbath_and_beyond,
          nicolae_shop_hallway_plus, shop
D:12:     layout_rooms, orc_0_dummy, serial_shops, shop, nicolae_stop_n_shop_1,
          worldfamousw_hep_ancestral_shrine
D:13:     layout_roguey, gammafunk_ghost_hydra_chop
D:14:     kennysheep_seaside_town, layout_basic, david_vaults_3, chequers_jeans,
          minivault_23, uniq_josephine, uniq_roxanne
Lair:1:   layout_concentric_octagons, nzn_masters_of_martial_movement,
          lemuel_fruit_tree, serial_bayou_shore_b, grunt_megastairs_5,
          lemuel_fruit_fields
Orc:1:    layout_caves, basic_altar
Orc:2:    st_orc_mages, layout_caves, special_room

Skill      XL: |  1  2  3  4  5  6  7  8  9 10 11 12 13 |
---------------+----------------------------------------+-----
Polearms       | 4 5 6 7 9 10 12 14 15 16 | 16.3
Dodging        | 4 5 6 7 8 10 11 13 14 15 | 15.0
Armour         | 2 3 5 7 9 11 13 14 15 | 15.4
Fighting       | |  3.6
Stealth        | |  1.5

Action                   |  1- 3 |  4- 6 |  7- 9 | 10-12 | 13-15 || total
-------------------------+-------+-------+-------+-------+-------++-------
Melee: Spear             |   125 |   184 |   519 |   804 |       ||  1632
       Headbutt          |    16 |    31 |   125 |   287 |    22 ||   481
       Glaive            |       |       |       |   237 |   130 ||   367
       Bite              |       |       |       |    10 |    14 ||    24
Invok: Heal Self         |       |       |       |       |     2 ||     2
Evoke: Wand              |       |       |     1 |     6 |       ||     7
  Use: Potion            |       |       |     3 |    14 |     3 ||    20
       Scroll            |       |       |       |    25 |     2 ||    27
 Stab: Sleeping          |     8 |     5 |     2 |     3 |       ||    18
       Distracted        |       |       |     3 |       |       ||     3
       Petrified         |       |       |       |     2 |       ||     2
Armor: Robe              |    21 |     4 |       |       |       ||    25
       Ring mail         |       |    30 |   100 |    39 |       ||   169
       Plate armour      |       |       |       |   377 |    72 ||   449
Dodge: Dodged            |    38 |    63 |   242 |   453 |    86 ||   882

Table legend: (Time is in decaauts)
 A = Elapsed time spent in this place.
 B = Non-inter-level travel time spent in this place.
 C = Inter-level travel time spent in this place.
 D = Time resting spent in this place.
 E = Time spent auto-exploring this place.
 F = Levels seen in this place.
 G = Mean time per level.
                   A        B        C        D        E       F      G
               +--------+--------+--------+--------+--------+-----+--------+
         Total |  21922 |  20830 |   1092 |      0 |  17433 |  17 | 1289.5 |
       Dungeon |  21480 |  20389 |   1091 |      0 |  17137 |  14 | 1534.3 |
          Lair |     16 |     16 |      0 |      0 |      0 |   1 |   16.0 |
  Orcish Mines |    426 |    426 |      0 |      0 |    296 |   2 |  213.0 |
               +--------+--------+--------+--------+--------+-----+--------+

Top non-repeatable levels by time:
    D:13: 3849 daAuts
     D:8: 2052 daAuts
    D:10: 1928 daAuts
     D:5: 1651 daAuts
    D:12: 1469 daAuts
     D:4: 1456 daAuts
    D:11: 1425 daAuts
     D:7: 1251 daAuts
     D:2: 1158 daAuts
     D:3: 1107 daAuts
     D:6: 1095 daAuts
    D:14: 1047 daAuts
     D:9: 1032 daAuts
     D:1: 952 daAuts
   Orc:1: 270 daAuts
